 Dungeon Crawl Stone Soup version 0.27-a0-550-ge92ec0ca06 (webtiles) character file.

Game seed: 13222487445494360047

22684 HoaS the Martial Artist (level 12, -12/103 HPs)
             Began as a Demigod Gladiator on Mar 7, 2021.
             Mangled by a bog body (18 damage)
             ... on level 2 of the Lair of Beasts.
             The game lasted 00:28:48 (15588 turns).

HoaS the Martial Artist (Demigod Gladiator)        Turns: 15588, Time: 00:28:48

Health: -12/103    AC: 22    Str: 23    XL:     12   Next: 33%
Magic:  15/15      EV: 16    Int: 10    God:
Gold:   624        SH:  0    Dex: 29    Spells: 11/11 levels left

rFire    . . .     SeeInvis .     - Unarmed
rCold    . . .     Faith    .   (no shield)
rNeg     . . .     Spirit   .   M - +3 chain mail
rPois    .         Reflect  .   b - +1 helmet
rElec    .         Harm     .   g - +0 cloak
rCorr    .         Rampage  .   r - +1 pair of gloves
Will     ++...                  i - +1 pair of boots
Stlth    ..........             (no amulet)
HPRegen  0.27/turn              G - +6 ring of dexterity
MPRegen  0.14/turn              H - ring of willpower

@: no status effects
A: high mp 1, forlorn
a: no special abilities


You were on level 2 of the Lair of Beasts.
You visited 2 branches of the dungeon, and saw 14 of its levels.

You collected 624 gold pieces.

Inventory:

Missiles
 h - 60 poisoned darts
 l - 18 boomerangs
 z - 7 javelins
 J - 5 curare-tipped darts
Armour
 b - a +1 helmet (worn)
 g - a +0 cloak (worn)
 i - a +1 pair of boots (worn)
 r - a +1 pair of gloves (worn)
 M - a +3 chain mail (worn)
Jewellery
 a - a ring of protection from cold
 v - a +6 ring of dexterity
 G - a +6 ring of dexterity (left hand)
 H - a ring of willpower (right hand)
Wands
 e - a wand of iceblast (17)
 n - a wand of charming (8)
 t - a wand of flame (10)
 w - a wand of acid (1) (quivered)
 D - a wand of polymorph (16)
Scrolls
 c - a scroll of blinking
 m - 10 scrolls of teleportation
 p - 2 scrolls of fear
 A - 4 scrolls of magic mapping
 L - 3 scrolls of fog
Potions
 d - 8 potions of curing
 f - a potion of ambrosia
 j - 2 potions of mutation
 k - a potion of flight
 o - a potion of haste
 q - 3 potions of attraction
 s - 2 potions of cancellation
 u - a potion of invisibility
 x - a potion of lignification
 B - 2 potions of heal wounds
 E - 2 potions of berserk rage
 K - 2 potions of might
Miscellaneous
 F - a tin of tremorstones (2/2)


   Skills:
 + Level 8.9 Fighting
 - Level 1.7 Throwing
 + Level 9.0 Armour
 + Level 8.9 Dodging
 * Level 12.9 Unarmed Combat


You had 11 spell levels left.
You didn't know any spells.
Your spell library contained the following spells:

 Spells                   Type           Power      Damage    Failure   Level
 Animate Skeleton         Necr           0%         N/A       92%         1
 Apportation              Tloc           0%         N/A       92%         1
 Beastly Appendage        Tmut           0%         N/A       92%         1
 Shock                    Conj/Air       0%         1d3       92%         1
 Swiftness                Air            0%         N/A       98%         2
 Ignite Poison            Fire/Tmut/Pois 0%         N/A       100%        3
 Spider Form              Tmut/Pois      0%         N/A       100%        3
 Static Discharge         Conj/Air       0%         N/A       100%        3
 Airstrike                Air            0%         N/A       100%        4
 Cause Fear               Hex            0%         N/A       100%        4
 Passage of Golubria      Tloc           N/A        N/A       100%        4
 Alistair's Intoxication  Tmut/Pois      0%         N/A       100%        5
 Lightning Bolt           Conj/Air       0%         1d11      100%        5
 Silence                  Hex/Air        0%         N/A       100%        5
 Yara's Violent Unravell  Hex/Tmut       0%         3d3       100%        5
 Eringya's Noxious Bog    Tmut/Pois      0%         N/A       100%        6
 Simulacrum               Ice/Necr       0%         N/A       100%        6
 Discord                  Hex            0%         N/A       100%        8


Dungeon Overview and Level Annotations

Branches:
Dungeon (11/15)            Temple (0/1) D:7            Lair (3/6) D:11
 Spider (0/4) Lair:2
  Swamp: Lair:2-4    Shoals: Lair:2-4       Orc: D:9-12

Shops:
D:7 [[([

Annotations:
Lair:2 3 runed translucent doors, Vejex's ghost, journeyman DEFE


Innate Abilities, Weirdness & Mutations

Your attributes grow dramatically as you level up.
You have an increased reservoir of magic. (+10% MP)
You shall have no god before yourself.


Message History

The bog body touches you but does no damage.
The blink frog hits you but does no damage.
The blink frog blinks!
The bog body points at you and mumbles some strange words.
The bolt of cold hits you!! The bog body barely misses you.
Your chain mail prevents you from hitting the bullfrog.
You punch the bullfrog!
The bullfrog is heavily wounded.
The bullfrog misses you.
You barely miss the bullfrog. You punch the bullfrog.
The bullfrog is severely wounded.
The bullfrog barely misses you. x2
You barely miss the bullfrog.
The bullfrog is severely wounded.
You hit the bog body.
The bog body is lightly damaged.
You punch the bog body!
The bog body is moderately damaged.
The bog body touches you. The bog body freezes you!!
You punch the bog body! You punch the bog body.
The bog body is almost destroyed.
The bog body touches you but does no damage.
You punch the bog body!
You destroy the bog body!
Your Armour skill increases to level 9!
You barely miss the bullfrog.
The bullfrog is severely wounded.
You hit the bog body. Your punch misses the bog body.
The bog body is lightly damaged.
You hit the bog body.
The bog body is moderately damaged.
The bog body touches you. The bog body freezes you!!
* * * LOW HITPOINT WARNING * * *
You hit the bog body but do no damage.
The bog body is moderately damaged.
The blink frog blinks!
The bog body touches you.
* * * LOW HITPOINT WARNING * * *
The bog body freezes you!!
You die...

........................#........
........................#.....#P.
.................................
.................................
.....<#...#......#...#.#.###.....
......P......>...................
................§................
......+........#n#...............
......#........#@#...............
...............#...........#.....
......#........#.##....#..#......
...............#........[........
......#...............##P####P...
.##.#..#.#...P##.......### ###..
.####.................## ##.. ..#
#>................# #...
.####...#+.P##÷.......## ##..


You could see a bog body.

Vanquished Creatures
  Harold (D:8)
  2 hydras
  A two-headed ogre (D:8)
  A bog body (Lair:2)
  Pikel (D:4)
  5 elephants
  2 black mambas (Lair:2)
  3 cane toads
  5 komodo dragons
  Psyche (D:8)
  3 trolls
  3 polar bears (Lair:1)
  A hornet (D:11)
  5 blink frogs (Lair:1)
  27 yaks
  2 wyverns (Lair:2)
  A basilisk (D:11)
  9 water moccasins
  Duvessa (D:7)
  A hornet zombie (D:11)
  5 orc warriors
  4 ice beasts
  6 black bears
  6 ogres
  4 wolves (Lair:2)
  3 sky beasts
  8 centaurs
  3 phantoms
  4 kobold brigands
  14 bullfrogs
  Dowan (D:7)
  2 scorpions
  6 howler monkeys
  A quasit (D:8)
  3 bullfrog zombies
  3 centaur skeletons
  A jelly (D:8)
  5 orc priests
  4 hounds
  2 bullfrog skeletons
  3 iguanas
  7 orc wizards
  7 worker ants
  A hound skeleton (D:11)
  A hound zombie (D:8)
  2 worker ant zombies (D:11)
  3 gnolls (D:7)
  12 adders
  2 shadow imps
  A white imp (D:6)
  An ufetubus (D:9)
  2 oozes
  2 adder skeletons
  2 worms (D:2)
  4 dart slugs
  7 leopard geckos
  39 orcs
  11 bats
  6 giant cockroaches
  8 hobgoblins
  9 jackals
  24 kobolds
  6 quokkas
  2 ball pythons
  5 frilled lizards
  9 goblins
  A leopard gecko zombie (D:6)
  A quokka zombie (D:5)
  9 rats
347 creatures vanquished.

Vanquished Creatures (others)
  59 fungi
  71 plants
130 creatures vanquished.

Grand Total: 477 creatures vanquished

Notes
Turn   | Place    | Note
-------+----------+-------------------------------------------
     0 | D:1      | HoaS the Demigod Gladiator began the quest for the Orb.
     0 | D:1      | Reached XP level 1. HP: 17/17 MP: 3/3
   182 | D:1      | Reached skill level 3 in Unarmed Combat
   306 | D:1      | Reached XP level 2. HP: 22/24 MP: 4/4
  1088 | D:2      | Reached skill level 4 in Unarmed Combat
  1088 | D:2      | Reached XP level 3. HP: 22/29 MP: 5/5
  1605 | D:2      | Noticed a centaur
  1617 | D:2      | Killed a centaur
  1618 | D:2      | Reached skill level 5 in Unarmed Combat
  1618 | D:2      | Reached XP level 4. HP: 15/36 MP: 6/6
  2061 | D:2      | Reached XP level 5. HP: 41/41 MP: 7/7
  3426 | D:4      | Reached skill level 6 in Unarmed Combat
  3486 | D:4      | Noticed Pikel
  3513 | D:4      | Killed Pikel
  3514 | D:4      | Reached XP level 6. HP: 43/51 MP: 8/8
  3514 | D:4      | Reached XP level 7. HP: 48/57 MP: 9/9
  4067 | D:5      | Entered Level 5 of the Dungeon
  4624 | D:5      | Reached skill level 7 in Unarmed Combat
  4624 | D:5      | Reached XP level 8. HP: 50/66 MP: 10/10
  5260 | D:6      | Identified the +0 chain mail of the Saviour {rPois Will+
                  | Int+3}
  5845 | D:6      | Reached skill level 8 in Unarmed Combat
  5988 | D:6      | You fall into a shaft and drop 2 floors!
  5988 | D:8      | Noticed Psyche
  5991 | D:8      | Killed Psyche
  5995 | D:8      | Reached skill level 5 in Armour
  5995 | D:8      | Reached XP level 9. HP: 71/73 MP: 11/11
  6006 | D:8      | Reached skill level 5 in Fighting
  6006 | D:8      | Reached skill level 5 in Dodging
  6060 | D:8      | Noticed a two-headed ogre
  6075 | D:8      | Killed a two-headed ogre
  6076 | D:8      | Reached skill level 9 in Unarmed Combat
  6434 | D:7      | Noticed Duvessa
  6436 | D:7      | Noticed Dowan
  6475 | D:7      | Killed Duvessa
  6492 | D:7      | Killed Dowan
  6731 | D:7      | Found Zahu's Antique Armour Emporium.
  6731 | D:7      | Found a staircase to the Ecumenical Temple.
  6731 | D:7      | Found Seuzaq's Antique Armour Emporium.
  6731 | D:7      | Found Xynucsew's Antique Weapon Emporium.
  6732 | D:7      | Found Devonef's Antique Armour Emporium.
  7570 | D:7      | Identified Golangod's Papyrus of Translocation and
                  | Transformation
  7897 | D:8      | Noticed Harold
  7915 | D:8      | Killed Harold
  7916 | D:8      | Reached XP level 10. HP: 66/83 MP: 13/13
  8676 | D:9      | Reached skill level 10 in Unarmed Combat
  9246 | D:10     | Entered Level 10 of the Dungeon
 10881 | D:11     | Reached skill level 11 in Unarmed Combat
 10881 | D:11     | Reached XP level 11. HP: 61/92 MP: 14/14
 11074 | D:11     | Found a staircase to the Lair.
 11112 | D:11     | Noticed an eight-headed hydra
 11131 | D:11     | Killed an eight-headed hydra
 11413 | D:11     | Identified Hiefovyl's Catalogue of Ghastly Envenoming
 11698 | Lair:1   | Entered Level 1 of the Lair of Beasts
 12394 | Lair:1   | Noticed a five-headed hydra
 12411 | Lair:1   | Killed a five-headed hydra
 13092 | Lair:1   | Reached skill level 12 in Unarmed Combat
 13795 | Lair:2   | Reached XP level 12. HP: 98/103 MP: 15/15
 13891 | Lair:2   | Found a runed translucent gate.
 13891 | Lair:2   | Found a runed translucent gate.
 13893 | Lair:2   | Found a runed translucent gate.
 13893 | Lair:2   | Noticed Vejex's ghost (journeyman DEFE)
 13900 | Lair:2   | Noticed a five-headed hydra
 13904 | Lair:2   | Found a hole to the Spider Nest.
 15588 | Lair:2   | Mangled by a bog body

Illustrated notes

Levels and vault maps discovered:
D:1:      dpeg_arrival_oval, layout_basic, minmay_misc_feat_encased,
          minmay_quantized
D:2:      minmay_razor_zed, layout_basic
D:3:      layout_loops_corners, chequers_ecumenical_altar_grove, bloody_makhleb
D:4:      layout_rooms, minmay_pentomino_pile, uniq_pikel
D:5:      layout_loops_cross, nicolae_gozag_seed_capital,
          minmay_misc_feat_columns
D:6:      layout_basic, nrook_mini_vaults, minivault_11
D:7:      layout_layer_cave, minmay_temple_entry_crystal_x,
          minmay_shop_grid_forest, kennysheep_okawaru_gauntlet, uniq_duvessa
D:8:      layout_cave_pools, uniq_psyche, uniq_harold
D:9:      layout_loops_ring, fedhas_altar_3
D:10:     layout_loops_corners, hangedman_abyss_or_decor_slice
D:11:     layout_loops_ring, due_lair_maze_entry_diamond
Lair:1:   layout_cave_pods, basic_altar, nicolae_lair_grove_arrangements,
          cheibrodos_lair_lostbears, infiniplex_staircase_pool_2
Lair:2:   layout_chaotic_city, dummy_spider_entry, gammafunk_ghost_split
Lair:3:   layout_gridlike, nicolae_swamp_entry_splash_gauntlet,
          bh_autumn_forest_stairs

Skill      XL: |  1  2  3  4  5  6  7  8  9 10 11 12 |
---------------+-------------------------------------+-----
Unarmed Combat | 3 4 5 6 7 8 9 11 12 | 12.9
Fighting       | 3 4 6 7 8 |  8.9
Armour         | 3 5 6 7 8 9 |  9.0
Dodging        | 3 4 6 7 8 |  8.9
Throwing       | |  1.7

Action                   |  1- 3 |  4- 6 |  7- 9 | 10-12 || total
-------------------------+-------+-------+-------+-------++-------
Melee: Unarmed           |   146 |   162 |   487 |   834 ||  1629
       Punch             |     3 |     5 |    24 |    88 ||   120
Throw: Throwing net      |     1 |     3 |     1 |     3 ||     8
       Boomerang         |       |     1 |     3 |       ||     4
Evoke: Wand              |       |     2 |     7 |       ||     9
  Use: Scroll            |     7 |     3 |     9 |     8 ||    27
       Potion            |       |       |     2 |     1 ||     3
 Stab: Sleeping          |     1 |       |       |       ||     1
       Held in net/web   |       |     1 |     1 |     3 ||     5
       Distracted        |       |       |       |     1 ||     1
Armor: Leather armour    |    16 |       |       |       ||    16
       Scale mail        |    53 |    38 |       |       ||    91
       Plate armour      |       |    52 |    70 |       ||   122
       Chain mail        |       |       |   163 |   427 ||   590
Dodge: Dodged            |    82 |    51 |   241 |   538 ||   912

Table legend: (Time is in decaauts)
 A = Elapsed time spent in this place.
 B = Non-inter-level travel time spent in this place.
 C = Inter-level travel time spent in this place.
 D = Time resting spent in this place.
 E = Time spent auto-exploring this place.
 F = Levels seen in this place.
 G = Mean time per level.
                   A        B        C        D        E       F      G
               +--------+--------+--------+--------+--------+-----+--------+
         Total |  15300 |  14808 |    492 |   4589 |   7574 |  14 | 1092.9 |
       Dungeon |  11511 |  11131 |    380 |   2864 |   6254 |  11 | 1046.5 |
          Lair |   3788 |   3677 |    111 |   1725 |   1320 |   3 | 1262.7 |
               +--------+--------+--------+--------+--------+-----+--------+

Top non-repeatable levels by time:
  Lair:2: 1889 daAuts
  Lair:1: 1645 daAuts
     D:7: 1327 daAuts
     D:2: 1312 daAuts
    D:11: 1308 daAuts
     D:6: 1090 daAuts
    D:10: 1068 daAuts
     D:3: 1065 daAuts
     D:1: 988 daAuts
     D:5: 952 daAuts
     D:9: 878 daAuts
     D:8: 854 daAuts
     D:4: 665 daAuts
  Lair:3: 253 daAuts
